[Event "Titled Tuesday Blitz June 13 Early 2023"]
[White "Srdanovic, Jovana"]
[Black "Shapiro, Daniel"]
[WhiteFideId "954810"]
[BlackFideId "2001780"]
[WhiteElo "2155"]
[BlackElo "2343"]
[Result "1-0"]
[Round "10"]
[TimeControl "180+2"]
[Date "2023.06.13"]
[WhiteClock "0:00:25"]
[BlackClock "0:00:07"]
[Board "129"]

1. e4 c5 2. Nf3 e6 3. d4 cxd4 4. Nxd4 a6 5. Nc3 Qc7 6. f4 Bb4 7. Bd2 Nf6 8. Bd3 d6 9. Qf3 Nbd7 10. g4 h6 11. O-O-O Bc5 12. Nb3 Ba7 13. e5 dxe5 14. g5 e4 15. Bxe4 Nxe4 16. Nxe4 h5 17. Bc3 Kf8 18. Rhf1 Rb8 19. f5 e5 20. g6 b5 21. f6 Nxf6 22. Nxf6 gxf6 23. Qxf6 Be3+ 24. Kb1 Rg8 25. Rd8+ 1-0


[Site "https://www.chess.com"]

[Event "Titled Tuesday Blitz June 13 Early 2023"]
[White "Gomes, Luiz Alexandre de Souza"]
[Black "Simonovic, Miroslav"]
[WhiteFideId "2102790"]
[BlackFideId "919152"]
[WhiteElo "2483"]
[BlackElo "2075"]
[Result "1-0"]
[Round "10"]
[TimeControl "180+2"]
[Date "2023.06.13"]
[WhiteClock "0:00:44"]
[BlackClock "0:00:02"]
[Board "130"]

1. e4 c5 2. Nf3 Nc6 3. Bb5 g6 4. O-O Bg7 5. c3 e5 6. d3 Nge7 7. Nbd2 O-O 8. Re1 h6 9. Nf1 a6 10. Ba4 b5 11. Bc2 d5 12. Qe2 d4 13. h3 Be6 14. Bd2 Qd6 15. Red1 Rad8 16. Ng3 Kh7 17. Be1 f5 18. exf5 gxf5 19. Nh5 Bh8 20. a4 b4 21. cxb4 cxb4 22. Rac1 Ng6 23. Bb1 Bd5 24. Bd2 e4 25. dxe4 fxe4 26. Bxe4 Rde8 27. Ng3 Ne5 28. Nxe5 Qxe5 29. Bxg6+ Kxg6 30. Qxa6+ Re6 31. Qd3+ Be4 32. Nxe4 Qxe4 33. Qxe4+ Rxe4 34. Bxb4 Rb8 35. Rc6+ Kh7 36. Ba3 Re2 37. a5 Rbxb2 38. Bxb2 Rxb2 39. a6 Ra2 40. Rc7+ Bg7 41. a7 Kg6 42. Rb1 Be5 43. Rd7 Kf5 44. g3 d3 45. Rxd3 Rxa7 46. Rb5 Ke4 47. Re3+ Kd4 48. Rbxe5 Ra1+ 49. Kg2 h5 50. R5e4+ Kd5 51. Rh4 Kd6 52. Rxh5 1-0


[Site "https://www.chess.com"]

[Event "Titled Tuesday Blitz June 13 Early 2023"]
[White "Jiganchine, Roman"]
[Black "Tokman, Ariel"]
[WhiteFideId "2603667"]
[BlackFideId "117420"]
[WhiteElo "2312"]
[BlackElo "2263"]
[Result "1-0"]
[Round "10"]
[TimeControl "180+2"]
[Date "2023.06.13"]
[WhiteClock "0:00:53"]
[BlackClock "0:00:00"]
[Board "131"]

1. e4 c5 2. Nf3 e6 3. g3 Nf6 4. d3 d5 5. e5 Nfd7 6. h4 Nc6 7. Bf4 Be7 8. Bg2 Qc7 9. Qe2 b5 10. O-O Bb7 11. c4 bxc4 12. dxc4 dxc4 13. Nbd2 O-O 14. Nxc4 Nb6 15. Nd6 Nd5 16. Nxb7 Nxf4 17. gxf4 Qxb7 18. Ng5 g6 19. Qf3 Rac8 20. h5 Qb4 21. Ne4 Nd4 22. Qh3 Ne2+ 23. Kh1 Nxf4 24. Qg4 Nxg2 25. Kxg2 g5 26. h6 Kh8 27. Rad1 Rg8 28. Rd7 Rce8 29. Qf3 g4 30. Qf4 Rg6 31. Rfd1 Kg8 32. b3 a5 33. Rxe7 1-0


[Site "https://www.chess.com"]

[Event "Titled Tuesday Blitz June 13 Early 2023"]
[White "Lopez, Nelson M, Ii"]
[Black "Zaksaite, Salomeja"]
[WhiteFideId "2027895"]
[BlackFideId "12801496"]
[WhiteElo "2437"]
[BlackElo "2059"]
[Result "1-0"]
[Round "10"]
[TimeControl "180+2"]
[Date "2023.06.13"]
[WhiteClock "0:00:05"]
[BlackClock "0:00:00"]
[Board "132"]

1. e4 e5 2. Bc4 Nf6 3. d4 exd4 4. Nf3 Nc6 5. O-O Nxe4 6. Re1 d5 7. Bxd5 Qxd5 8. Nc3 Qh5 9. Nxe4 Be6 10. Bg5 Be7 11. Bxe7 Nxe7 12. Nxd4 Qxd1 13. Raxd1 O-O-O 14. Ng5 Nc6 15. Ngxe6 fxe6 16. Nxe6 Rxd1 17. Rxd1 Re8 18. Nxg7 Re2 19. Rc1 Nb4 20. Kf1 Rd2 21. Ke1 Rd7 22. Nf5 Nxa2 23. Rd1 Rf7 24. g4 Nb4 25. c3 Nc6 26. f4 a5 27. Kf2 b5 28. Kg3 Kb7 29. h4 a4 30. h5 Kb6 31. Ne3 Na5 32. Nd5+ Kc5 33. Nb4 Nc4 34. Rd5+ Kb6 35. Rg5 c5 36. Nd5+ Kc6 37. h6 Nxb2 38. Ne3 a3 39. Rg7 Rf6 40. Rxh7 b4 41. g5 b3 42. gxf6 a2 43. Ra7 Kb6 44. f7 Kxa7 45. f8=Q a1=Q 46. Qxc5+ Ka6 47. Nd5 1-0


[Site "https://www.chess.com"]

[Event "Titled Tuesday Blitz June 13 Early 2023"]
[White "Goncalves, Davi Sulzbacher"]
[Black "Putri, Regita Desyari"]
[WhiteFideId "2154510"]
[BlackFideId "7109083"]
[WhiteElo "2182"]
[BlackElo "1930"]
[Result "0-1"]
[Round "10"]
[TimeControl "180+2"]
[Date "2023.06.13"]
[WhiteClock "0:00:00"]
[BlackClock "0:00:19"]
[Board "133"]

1. Nf3 d5 2. b3 c5 3. Bb2 Nf6 4. h3 Nc6 5. g4 d4 6. Bg2 e5 7. e3 h6 8. Na3 Be6 9. Qe2 Be7 10. Nc4 e4 11. Nfe5 Nb4 12. d3 Bxc4 13. Nxc4 exd3 14. cxd3 dxe3 15. Rd1 exf2+ 16. Kxf2 O-O 17. Rhe1 Re8 18. Qf3 Nc6 19. Qf5 Nd4 20. Bxd4 Qxd4+ 21. Kf1 Rad8 22. Bxb7 Nd5 23. Re4 Qf6 24. Bxd5 Qxf5+ 25. gxf5 Rxd5 26. Rde1 Kf8 27. f6 gxf6 28. Kg2 Rg5+ 29. Kf3 Rd5 30. R1e3 Rdd8 31. Ke2 f5 32. Re5 Bg5 0-1


[Site "https://www.chess.com"]

[Event "Titled Tuesday Blitz June 13 Early 2023"]
[White "Mrudul Dehankar"]
[Black "Chakravarthi Reddy, M"]
[WhiteFideId "25096990"]
[BlackFideId "25009532"]
[WhiteElo "2139"]
[BlackElo "2201"]
[Result "1-0"]
[Round "10"]
[TimeControl "180+2"]
[Date "2023.06.13"]
[WhiteClock "0:00:12"]
[BlackClock "0:00:00"]
[Board "134"]

1. e4 c5 2. Nf3 d6 3. d4 cxd4 4. Nxd4 Nf6 5. Nc3 Nc6 6. Bg5 Bd7 7. Qd2 a6 8. O-O-O e6 9. f4 Be7 10. Nf3 b5 11. e5 b4 12. exf6 bxc3 13. Qxc3 gxf6 14. Bh4 Rg8 15. Kb1 d5 16. Qd3 Rg7 17. Be1 Na5 18. Nd4 Nc4 19. Qf3 Rc8 20. Bc3 Qb6 21. Bxc4 Rxc4 22. Rhe1 Bc5 23. Nf5 Rg6 24. Qxd5 Qb5 25. Qa8+ 1-0


[Site "https://www.chess.com"]

[Event "Titled Tuesday Blitz June 13 Early 2023"]
[White "Kuznetsov, Mikhail"]
[Black "agvania123"]
[WhiteFideId "4117190"]
[WhiteElo "1981"]
[BlackElo "2253"]
[Result "0-1"]
[Round "10"]
[TimeControl "180+2"]
[Date "2023.06.13"]
[WhiteClock "0:00:03"]
[BlackClock "0:00:47"]
[Board "135"]

1. Nf3 Nf6 2. g3 e6 3. Bg2 b6 4. O-O Bb7 5. d3 d5 6. Nbd2 d4 7. Nb3 c5 8. e4 dxe3 9. Bxe3 Be7 10. c3 O-O 11. d4 cxd4 12. Nfxd4 Bxg2 13. Kxg2 e5 14. Nf5 Qd5+ 15. Qxd5 Nxd5 16. Rad1 Nxe3+ 17. fxe3 Nc6 18. Rd7 Bf6 19. Rfd1 Rfd8 20. e4 g6 21. Rxd8+ Rxd8 22. Rxd8+ Bxd8 23. Ne3 Kf8 24. Kf3 Ke7 25. Nd2 Ke6 26. Ndc4 f5 27. h4 b5 28. Nd2 b4 29. Nb3 Bb6 30. Nd5 bxc3 31. bxc3 Na5 32. Nxa5 Bxa5 33. c4 Bb6 34. g4 h5 35. gxf5+ gxf5 36. a4 fxe4+ 37. Kxe4 Bf2 38. a5 Bxh4 39. c5 Bd8 40. a6 h4 41. Ne3 h3 42. Ng4 Be7 43. c6 Kd6 44. c7 Kxc7 45. Kxe5 h2 46. Nf2 Bc5 47. Nh1 Kb6 48. Kd5 Bg1 49. Kc4 Kxa6 50. Kb4 Kb6 51. Ng3 Bf2 52. Nh1 a5+ 53. Ka4 Bh4 0-1


[Site "https://www.chess.com"]

[Event "Titled Tuesday Blitz June 13 Early 2023"]
[White "SicilianPanzer"]
[Black "Buchenau, Frank"]
[BlackFideId "4604350"]
[WhiteElo "2251"]
[BlackElo "2157"]
[Result "0-1"]
[Round "10"]
[TimeControl "180+2"]
[Date "2023.06.13"]
[WhiteClock "0:00:00"]
[BlackClock "0:00:43"]
[Board "136"]

1. d4 e6 2. e4 d5 3. Nc3 Nf6 4. e5 Nfd7 5. f4 c5 6. Nf3 Nc6 7. Be3 a6 8. Ne2 Qb6 9. Rb1 Qa5+ 10. c3 Qxa2 11. g4 h5 12. gxh5 cxd4 13. Nfxd4 Qa5 14. Ng3 Nxd4 15. Bxd4 Qc7 16. b4 Nb8 17. Bd3 Nc6 18. O-O Bd7 19. Be3 Be7 20. Qg4 Bf8 21. Rfc1 Qd8 22. c4 Nxb4 23. Rxb4 Bxb4 24. Qxg7 Rf8 25. cxd5 exd5 26. f5 Bc6 27. Bg5 Be7 28. f6 Ba3 29. Rb1 d4 30. Nf5 Qd5 31. Kf2 Qf3+ 32. Ke1 Qxd3 33. Nd6+ Bxd6 0-1


[Site "https://www.chess.com"]

[Event "Titled Tuesday Blitz June 13 Early 2023"]
[White "Liu, Kelsey"]
[Black "Koridze, Lile"]
[WhiteFideId "30944481"]
[BlackFideId "13612514"]
[WhiteElo "2247"]
[BlackElo "2047"]
[Result "1-0"]
[Round "10"]
[TimeControl "180+2"]
[Date "2023.06.13"]
[WhiteClock "0:02:13"]
[BlackClock "0:02:30"]
[Board "137"]

1. e4 c5 2. Nf3 d6 3. Nc3 Nf6 4. e5 dxe5 5. Nxe5 a6 6. a4 Qc7 7. Nc4 e6 8. d3 b6 9. Qf3 Bb7 10. Bf4 Qd8 11. Qxb7 Nbd7 12. Bc7 Qc8 13. Qxc8+ Rxc8 14. Bxb6 Nd5 15. a5 N7f6 16. Be2 Be7 17. O-O O-O 18. Bf3 Nxc3 19. bxc3 Nd5 20. Bxd5 exd5 21. Ne3 d4 22. cxd4 Bf6 23. Bxc5 1-0


[Site "https://www.chess.com"]

[Event "Titled Tuesday Blitz June 13 Early 2023"]
[White "Ozalp, Burak"]
[Black "campochess"]
[WhiteFideId "6314210"]
[WhiteElo "2106"]
[BlackElo "2197"]
[Result "0-1"]
[Round "10"]
[TimeControl "180+2"]
[Date "2023.06.13"]
[WhiteClock "0:00:00"]
[BlackClock "0:00:18"]
[Board "138"]

1. Nf3 c5 2. c4 Nc6 3. g3 g6 4. Bg2 Bg7 5. O-O d6 6. Nc3 Nf6 7. Rb1 O-O 8. a3 a5 9. d3 Ng4 10. Ne1 h5 11. Nc2 e6 12. h3 Nh6 13. Bd2 Nf5 14. b4 axb4 15. axb4 cxb4 16. Nxb4 Bd7 17. Nc2 Rb8 18. e3 Nfe7 19. Nb5 Be8 20. Bc3 d5 21. Bxg7 Kxg7 22. Qd2 Ne5 23. Qc3 f6 24. f4 N5c6 25. Ncd4 Bf7 26. g4 hxg4 27. hxg4 Nxd4 28. Nxd4 dxc4 29. g5 Ng8 30. dxc4 e5 31. Nf3 exf4 32. exf4 Qd6 33. gxf6+ Qxf6 34. Ne5 Nh6 35. Qh3 Nf5 36. Rbd1 b5 37. Nd7 Qb2 38. Rf2 Qb4 39. Nxb8 Rxb8 40. cxb5 Qxb5 41. Rfd2 Qc5+ 42. Kf1 Ne3+ 43. Ke1 Nxd1 44. Rxd1 Qg1+ 45. Kd2 Rd8+ 0-1


[Site "https://www.chess.com"]

[Event "Titled Tuesday Blitz June 13 Early 2023"]
[White "Mishra, Manoj"]
[Black "Begunov, Konstantin"]
[WhiteFideId "5006007"]
[BlackFideId "4118510"]
[WhiteElo "1847"]
[BlackElo "1993"]
[Result "1-0"]
[Round "10"]
[TimeControl "180+2"]
[Date "2023.06.13"]
[WhiteClock "0:01:22"]
[BlackClock "0:00:10"]
[Board "139"]

1. d4 d5 2. Bf4 c6 3. e3 Nf6 4. c3 Bg4 5. f3 Bf5 6. g4 Bg6 7. h4 h5 8. g5 Ng8 9. Bd3 Bxd3 10. Qxd3 g6 11. Ne2 e6 12. Nd2 Bd6 13. e4 Ne7 14. c4 dxe4 15. Nxe4 Bb4+ 16. N2c3 O-O 17. Nf6+ Kh8 18. Be5 Bd6 19. Qe4 Ng8 20. Nxh5+ Bxe5 21. Qxe5+ f6 22. Nxf6 Nxf6 23. h5 Nd7 24. hxg6+ Kg8 25. Qh2 Kg7 26. Qh6+ Kg8 27. Qh8# 1-0


[Site "https://www.chess.com"]

[Event "Titled Tuesday Blitz June 13 Early 2023"]
[White "Philippe, Guillaume"]
[Black "Tarasova, Viktoriya"]
[WhiteFideId "36048763"]
[BlackFideId "4175840"]
[WhiteElo "2387"]
[BlackElo "2182"]
[Result "1/2-1/2"]
[Round "10"]
[TimeControl "180+2"]
[Date "2023.06.13"]
[WhiteClock "0:00:26"]
[BlackClock "0:00:23"]
[Board "140"]

1. e4 e5 2. Nf3 Nc6 3. Bb5 Nf6 4. O-O Nxe4 5. Re1 Nd6 6. Nxe5 Be7 7. Bf1 Nxe5 8. Rxe5 O-O 9. d4 Bf6 10. Re1 Nf5 11. c3 d5 12. Bf4 c6 13. Nd2 Re8 14. Qc2 Be6 15. Bd3 g6 16. Re2 Bg7 17. Rae1 Qd7 18. Nf3 Rad8 19. Ne5 Qc8 20. h3 Nd6 21. b3 a6 22. Nf3 c5 23. dxc5 Qxc5 24. Be3 Qxc3 25. Qxc3 Bxc3 26. Rc1 Rc8 27. Bf4 Nf5 28. Bxf5 gxf5 29. Rec2 Bf6 30. Ne5 Rxc2 31. Rxc2 Rc8 32. Rxc8+ Bxc8 33. Kf1 Be7 34. Ke2 f6 35. Nf3 Bd7 36. Nd4 Bc5 37. Kd3 Kf7 38. a4 Bb4 39. f3 Ke7 40. Bg3 Bc5 41. Bf4 Bb4 42. Bg3 Bd6 43. Bxd6+ Kxd6 44. f4 Kc5 45. Kc3 b5 46. b4+ Kd6 47. a5 Bc8 48. Kd3 Ke7 49. Nb3 Kd6 50. Kd4 Kc6 51. Nd2 Kd6 52. Nf1 Bd7 53. Ne3 Be6 54. Nf1 Bd7 55. Ng3 Bc8 56. Nh5 Ke6 57. Ng3 Kd6 58. Nf1 Bd7 1/2-1/2


[Site "https://www.chess.com"]

[Event "Titled Tuesday Blitz June 13 Early 2023"]
[White "Freile Martin, Javier"]
[Black "Samarth J Rao"]
[WhiteFideId "3600165"]
[BlackFideId "46652370"]
[WhiteElo "2320"]
[BlackElo "1564"]
[Result "1/2-1/2"]
[Round "10"]
[TimeControl "180+2"]
[Date "2023.06.13"]
[WhiteClock "0:00:13"]
[BlackClock "0:00:52"]
[Board "141"]

1. c4 Nf6 2. Nc3 e6 3. e4 d5 4. e5 d4 5. exf6 dxc3 6. bxc3 Qxf6 7. Nf3 b6 8. d4 Bb7 9. Be2 Bd6 10. Rb1 Be4 11. Rb5 h6 12. O-O O-O 13. Re1 c5 14. Be3 Na6 15. Qa4 Nc7 16. Rb2 e5 17. d5 Bxf3 18. Bxf3 e4 19. Be2 Qe5 20. g3 f5 21. Bf4 Qxc3 22. Bxd6 Qxe1+ 23. Kg2 f4 24. Bf1 f3+ 25. Kg1 e3 26. fxe3 f2+ 27. Kg2 Qxe3 28. Qb3 Qe4+ 29. Kh3 Rf3 30. Bxc7 Rxb3 31. axb3 Rf8 32. d6 Qe6+ 33. Kg2 Qe4+ 34. Kh3 Qe6+ 35. Kg2 Qe4+ 36. Kh3 1/2-1/2


[Site "https://www.chess.com"]

[Event "Titled Tuesday Blitz June 13 Early 2023"]
[White "Blackwhite017"]
[Black "Yonal, Timur"]
[BlackFideId "44115725"]
[WhiteElo "2142"]
[BlackElo "1966"]
[Result "0-1"]
[Round "10"]
[TimeControl "180+2"]
[Date "2023.06.13"]
[WhiteClock "0:00:00"]
[BlackClock "0:01:39"]
[Board "142"]

1. e4 c5 2. Nf3 d6 3. d4 cxd4 4. Nxd4 Nf6 5. Nc3 a6 6. Bg5 e6 7. f4 Nbd7 8. Qf3 Qc7 9. O-O-O b5 10. g4 Bb7 11. Bd3 Rc8 12. Rhe1 Nc5 13. Bxf6 gxf6 14. Kb1 b4 15. Nce2 Be7 16. Ng3 a5 17. Qe2 Nxd3 18. cxd3 Qb6 19. Nf3 a4 20. d4 b3 21. a3 Rc2 22. Rd2 Rxd2 23. Qxd2 Kd7 24. e5 fxe5 25. dxe5 d5 26. Nd4 Rc8 27. Nge2 Ba6 28. Rc1 Rxc1+ 29. Kxc1 Bc5 30. Qc3 Bxe2 31. Nxe2 Be3+ 32. Kd1 d4 33. Qc4 Qc6 34. Qxc6+ Kxc6 35. f5 Kd5 36. fxe6 Kxe6 0-1


[Site "https://www.chess.com"]

[Event "Titled Tuesday Blitz June 13 Early 2023"]
[White "Necula, Iulian"]
[Black "Sovetbekova, Nurai"]
[WhiteFideId "1232380"]
[BlackFideId "13801910"]
[WhiteElo "1790"]
[BlackElo "1857"]
[Result "1-0"]
[Round "10"]
[TimeControl "180+2"]
[Date "2023.06.13"]
[WhiteClock "0:00:42"]
[BlackClock "0:00:00"]
[Board "143"]

1. d4 Nf6 2. Nc3 d5 3. Bf4 Bf5 4. e3 e6 5. Nf3 c5 6. Nb5 Na6 7. c3 Be7 8. Ne5 O-O 9. g4 Be4 10. f3 Bg6 11. h4 h5 12. Nxg6 fxg6 13. g5 Nd7 14. Qc2 cxd4 15. Nxd4 e5 16. Ne6 Qe8 17. Nxf8 exf4 18. Nxd7 Qxd7 19. O-O-O fxe3 20. Qxg6 Nc5 21. Rd4 Ne6 22. Bd3 Nxd4 23. Qh7+ Kf8 24. cxd4 Rc8+ 25. Kb1 e2 26. Bg6 Qe6 27. Re1 Bd6 28. Bf5 Qe8 29. Bxc8 Qxc8 30. Qh8+ 1-0


[Site "https://www.chess.com"]

[Event "Titled Tuesday Blitz June 13 Early 2023"]
[White "rikchessmx"]
[Black "Xavier_mompel"]
[WhiteElo "2296"]
[BlackElo "2203"]
[Result "0-1"]
[Round "10"]
[TimeControl "180+2"]
[Date "2023.06.13"]
[WhiteClock "0:01:05"]
[BlackClock "0:00:39"]
[Board "144"]

1. e4 c5 2. Nf3 e6 3. d4 cxd4 4. Nxd4 Nc6 5. Nc3 Qc7 6. Nxc6 bxc6 7. Bd3 d5 8. O-O Nf6 9. Qe2 Be7 10. b3 O-O 11. Bb2 Bb7 12. Rac1 Rfe8 13. e5 Nd7 14. f4 c5 15. Rf3 g6 16. Rh3 c4 17. bxc4 Qb6+ 18. Kh1 Qxb2 19. Qd2 Nb6 20. Rb1 Qa3 21. Nb5 Qc5 22. cxd5 Bxd5 23. f5 Qc6 24. Rg1 exf5 25. Qh6 Bc5 26. Nd6 Bxd6 27. Qxh7+ Kf8 28. Qh8+ Ke7 29. Qf6+ Kd7 30. exd6 Bxg2+ 31. Rxg2 Re1+ 0-1


[Site "https://www.chess.com"]

[Event "Titled Tuesday Blitz June 13 Early 2023"]
[White "Sarkar, Justin"]
[Black "Fabris, Alberto"]
[WhiteFideId "2010011"]
[BlackFideId "801348"]
[WhiteElo "2151"]
[BlackElo "2178"]
[Result "1-0"]
[Round "10"]
[TimeControl "180+2"]
[Date "2023.06.13"]
[WhiteClock "0:00:08"]
[BlackClock "0:00:13"]
[Board "145"]

1. d4 Nf6 2. c4 e6 3. Nc3 Bb4 4. e3 b6 5. Bd3 Bb7 6. Ne2 O-O 7. O-O d5 8. a3 Be7 9. cxd5 exd5 10. b4 c5 11. bxc5 bxc5 12. Rb1 Bc6 13. dxc5 Bxc5 14. Qc2 Nbd7 15. Nd4 Qc7 16. Nxc6 Qxc6 17. Na4 Rfc8 18. Nxc5 Qxc5 19. Qxc5 Nxc5 20. Bf5 Rcb8 21. Bb2 Nfe4 22. Bd4 Nd2 23. Bxc5 Nxb1 24. Bxb1 Rb2 25. Bd4 Rb5 26. Rd1 a5 27. Kf1 Rab8 28. Bd3 Rb3 29. a4 R8b4 30. Bb5 Rb1 31. Rxb1 Rxb1+ 32. Ke2 g5 33. Bc3 Rg1 34. g3 Rh1 35. Bxa5 Rxh2 36. Bb6 Rh1 37. a5 Ra1 38. a6 h5 39. a7 h4 40. gxh4 gxh4 41. Bc6 h3 42. Bxd5 1-0


[Site "https://www.chess.com"]

[Event "Titled Tuesday Blitz June 13 Early 2023"]
[White "Tuleyeva-Aketayeva, Dana"]
[Black "Nikulina, Alena"]
[WhiteFideId "13701932"]
[BlackFideId "4172051"]
[WhiteElo "2030"]
[BlackElo "1608"]
[Result "1/2-1/2"]
[Round "10"]
[TimeControl "180+2"]
[Date "2023.06.13"]
[WhiteClock "0:00:55"]
[BlackClock "0:00:09"]
[Board "146"]

1. d4 d5 2. Nf3 Nf6 3. g3 e6 4. Bg2 c6 5. O-O Nbd7 6. c4 b6 7. Nc3 Bb7 8. Nd2 Be7 9. e4 dxe4 10. Ndxe4 Nxe4 11. Nxe4 Nf6 12. Nc3 O-O 13. Be3 Qd7 14. Qb3 Rfd8 15. Rfd1 Ng4 16. Bf4 g5 17. Be3 Nxe3 18. fxe3 Qc7 19. Rac1 Rac8 20. d5 Qe5 21. e4 cxd5 22. exd5 Bc5+ 23. Kh1 h6 24. a3 Be3 25. Rb1 Ba6 26. Ne4 Bxc4 27. Qxe3 Bxd5 28. Qc3 Rxc3 29. bxc3 Bxe4 30. Rxd8+ Kg7 31. Rbd1 Bxg2+ 32. Kxg2 Qxc3 33. R8d7 Qxa3 34. Rf1 Qa2+ 35. Rf2 Qc4 36. Rfxf7+ Kg6 37. Rg7+ Kf5 38. Rgf7+ Ke5 39. Rxa7 Qe2+ 40. Rf2 Qe4+ 41. Kg1 Qe1+ 42. Kg2 Qe4+ 43. Kg1 Qe1+ 44. Kg2 Qe4+ 1/2-1/2


[Site "https://www.chess.com"]

[Event "Titled Tuesday Blitz June 13 Early 2023"]
[White "Hartikainen, Jarmo"]
[Black "De Souza, Cristiano Gomes"]
[WhiteFideId "503134"]
[BlackFideId "2151758"]
[WhiteElo "2122"]
[BlackElo "2068"]
[Result "0-1"]
[Round "10"]
[TimeControl "180+2"]
[Date "2023.06.13"]
[WhiteClock "0:00:00"]
[BlackClock "0:01:59"]
[Board "147"]

1. e4 c5 2. c3 d6 3. d4 Nf6 4. Bd3 Qc7 5. f3 Nbd7 6. Be3 e5 7. Ne2 Be7 8. O-O O-O 9. Nd2 b6 10. d5 a6 11. a4 Bb7 12. Ng3 g6 13. Bh6 Rfb8 14. Qe2 Bf8 15. Bxf8 Kxf8 16. h4 Kg7 17. h5 Nf8 18. Qe3 Bc8 19. Kf2 Bd7 20. Rh1 Kg8 21. Qg5 Qd8 22. hxg6 Ng4+ 23. Qxg4 Bxg4 24. gxf7+ Kxf7 25. fxg4 Kg7 26. Nf5+ Kg8 27. Nf3 Ng6 28. Rh5 b5 29. Rah1 Rb7 30. Ng5 Raa7 31. Ne6 Qf6 32. Kg3 Nf4 33. Rg5+ Kh8 34. Bf1 Nxe6 35. dxe6 Qxe6 36. Rgh5 bxa4 37. g5 d5 38. Rh6 Qg8 39. g6 dxe4 40. g7+ Rxg7+ 41. Nxg7 Rxg7+ 42. Kf2 Qf7+ 43. Ke1 Qf4 44. Be2 Qc1+ 45. Bd1 Qxb2 46. g4 Qxc3+ 47. Ke2 Qd3+ 48. Ke1 Rf7 49. Be2 Qb1+ 50. Kd2 Qb2+ 51. Ke1 Qc1+ 52. Bd1 Qe3+ 53. Be2 Rb7 0-1


[Site "https://www.chess.com"]

[Event "Titled Tuesday Blitz June 13 Early 2023"]
[White "le-castor-faineant"]
[Black "Pein, Jonathan"]
[BlackFideId "417092"]
[WhiteElo "2191"]
[BlackElo "2151"]
[Result "0-1"]
[Round "10"]
[TimeControl "180+2"]
[Date "2023.06.13"]
[WhiteClock "0:02:14"]
[BlackClock "0:00:59"]
[Board "148"]

1. e4 e5 2. Nf3 d6 3. Bc4 Nf6 4. Nc3 Be7 5. O-O O-O 6. d4 exd4 7. Nxd4 c6 8. Bf4 Nbd7 9. Qd2 Re8 10. Rad1 Bf8 11. f3 Qb6 12. Kh1 Qxb2 13. Nf5 Ne5 14. Bb3 Bxf5 15. exf5 d5 16. Rfe1 Bb4 17. Bxe5 Rxe5 18. Rxe5 Bxc3 19. Qe3 Bxe5 20. Qxe5 Qxe5 0-1


[Site "https://www.chess.com"]

[Event "Titled Tuesday Blitz June 13 Early 2023"]
[White "Georg, Heinz"]
[Black "Osuna Vega, Enrique"]
[WhiteFideId "4607295"]
[BlackFideId "2219549"]
[WhiteElo "2292"]
[BlackElo "2170"]
[Result "1-0"]
[Round "10"]
[TimeControl "180+2"]
[Date "2023.06.13"]
[WhiteClock "0:00:06"]
[BlackClock "0:00:00"]
[Board "149"]

1. e4 d6 2. d4 Nf6 3. Nc3 e5 4. Nf3 Nbd7 5. Bc4 Be7 6. O-O O-O 7. h3 c6 8. a4 a5 9. Be3 Nb6 10. Bb3 Nfd7 11. d5 cxd5 12. Nxd5 Nxd5 13. Bxd5 Nb6 14. Bb3 Qc7 15. Qd3 Bd7 16. Rfd1 Rac8 17. Bxb6 Qxb6 18. Nxe5 dxe5 19. Qxd7 Bc5 20. Qf5 Bd4 21. Rab1 Qg6 22. c3 Qxf5 23. exf5 Bc5 24. Rd5 b6 25. Rxe5 Rcd8 26. Re2 Rfe8 27. Rbe1 Kf8 28. g4 Rxe2 29. Rxe2 Re8 30. Rd2 Re1+ 31. Kg2 Ke7 32. Kf3 g6 33. fxg6 fxg6 34. Re2+ Rxe2 35. Kxe2 g5 36. f3 h6 37. Kd3 Kd6 38. Ke4 Ke7 39. f4 gxf4 40. Kxf4 Kf6 41. Bd5 Bd6+ 42. Ke4 Bc5 43. b3 Bf2 44. Kd3 Ke5 45. Bc6 Bc5 46. Kc4 Kd6 47. Be8 Ke7 48. Bh5 Kd6 49. b4 axb4 50. cxb4 Be3 51. Kb5 Kc7 52. Bg6 Bg5 53. Bf5 Bf6 54. a5 bxa5 55. Kxa5 Kb8 56. Kb6 Bg5 57. b5 Bf6 58. Kc6 Bg5 59. Bd7 Bh4 60. Kd5 Kc7 61. Bc6 Bf2 62. Ke6 Kd8 63. Kf6 Be3 64. h4 Kc7 65. g5 hxg5 66. hxg5 Kd8 67. g6 1-0


[Site "https://www.chess.com"]

[Event "Titled Tuesday Blitz June 13 Early 2023"]
[White "babbilator"]
[Black "Kiseljova, Marya"]
[BlackFideId "4155009"]
[WhiteElo "2273"]
[BlackElo "1831"]
[Result "1-0"]
[Round "10"]
[TimeControl "180+2"]
[Date "2023.06.13"]
[WhiteClock "0:00:43"]
[BlackClock "0:01:14"]
[Board "150"]

1. e4 c5 2. Nc3 Nc6 3. Nf3 g6 4. Bc4 Bg7 5. O-O e6 6. d4 Nxd4 7. Nxd4 Bxd4 8. Nb5 d5 9. exd5 exd5 10. Bxd5 a6 11. Qf3 Nf6 12. Re1+ Kf8 13. Nxd4 Qxd5 14. Bh6+ Kg8 15. Qxf6 Bg4 1-0


[Site "https://www.chess.com"]

[Event "Titled Tuesday Blitz June 13 Early 2023"]
[White "Al Mukhaini, Shima"]
[Black "Winkels, Marcel"]
[WhiteFideId "22005854"]
[BlackFideId "1003887"]
[WhiteElo "2258"]
[BlackElo "1900"]
[Result "1-0"]
[Round "10"]
[TimeControl "180+2"]
[Date "2023.06.13"]
[WhiteClock "0:00:22"]
[BlackClock "0:00:19"]
[Board "151"]

1. b3 c5 2. Bb2 Nc6 3. e3 d5 4. f4 Nf6 5. Nf3 Bg4 6. Bb5 Bxf3 7. Bxc6+ bxc6 8. Qxf3 e6 9. d3 Be7 10. Nd2 Qa5 11. Qe2 O-O 12. O-O Rab8 13. e4 d4 14. Nc4 Qc7 15. a4 Nd7 16. Bc1 f6 17. Qg4 f5 18. Qh3 Nf6 19. exf5 exf5 20. Qxf5 Nd5 21. Qe5 Qd7 22. Bd2 Rbe8 23. Qh5 Rf5 24. Qh3 Qc8 25. Rae1 Ref8 26. g3 Nb6 27. Nxb6 axb6 28. Rxe7 b5 29. Qg4 g6 30. Rfe1 c4 31. axb5 cxb5 32. bxc4 bxc4 33. Qh4 Rh5 34. Qxh5 gxh5 35. Bb4 cxd3 36. cxd3 Rd8 37. R7e5 Qg4 38. Rg5+ Qxg5 39. fxg5 Rb8 40. Bc5 Rd8 41. Bb6 Rd5 42. Re7 Rxg5 43. Bxd4 h4 44. Rg7+ Rxg7 45. Bxg7 Kxg7 46. gxh4 Kf6 47. Kf2 Ke5 48. Ke3 Kd5 49. d4 h6 50. Kd3 h5 51. Ke3 Kd6 52. Ke4 Ke6 53. d5+ Kd6 54. Kd4 Kd7 55. Ke5 Ke7 56. d6+ Kd7 57. Kd5 Kd8 58. Ke6 Ke8 59. d7+ Kd8 60. h3 Kc7 61. Ke7 Kc6 62. d8=Q Kc5 63. Qh8 Kc4 64. Qxh5 Kd4 65. Qg5 Ke4 66. h5 Kf3 67. h6 Kf2 68. h7 Kf3 69. h8=Q Ke4 70. Qf8 Kd4 71. Qff4+ Kd3 72. Qgg3+ Ke2 73. Qff2+ Kd1 74. Qgg1# 1-0


[Site "https://www.chess.com"]

[Event "Titled Tuesday Blitz June 13 Early 2023"]
[White "Lisjak, Zlatko"]
[Black "rionelG"]
[WhiteFideId "14502186"]
[WhiteElo "1998"]
[BlackElo "2220"]
[Result "0-1"]
[Round "10"]
[TimeControl "180+2"]
[Date "2023.06.13"]
[WhiteClock "0:00:00"]
[BlackClock "0:00:18"]
[Board "152"]

1. e4 c5 2. b4 cxb4 3. Bb2 d5 4. exd5 Nf6 5. d4 Nxd5 6. a3 e6 7. Nf3 Nc6 8. axb4 Bxb4+ 9. c3 Ba5 10. Bd3 Nf4 11. O-O Nxd3 12. Qxd3 O-O 13. c4 Bc7 14. d5 exd5 15. cxd5 Ne7 16. Rd1 Bd6 17. Nc3 Bf5 18. Qd4 Bg6 19. Nb5 Nf5 20. Qg4 h5 21. Qa4 a6 22. Nxd6 Nxd6 23. Qb3 b5 24. Nd4 Qg5 25. Bc1 Qf6 26. Be3 Nc4 27. Nc6 Nxe3 28. Qxe3 Qd6 29. Qd4 Rfe8 30. f3 Re2 31. Re1 Rae8 32. Rxe2 Rxe2 33. Rd1 Bc2 34. Rc1 a5 35. Qc3 b4 36. Qd4 b3 0-1


[Site "https://www.chess.com"]